 Dungeon Crawl Stone Soup version 0.25-a0-886-gd7461d2276 (webtiles) character file.

Game seed: 17855857717312019836, levelgen mode: deterministic

4 Maedhros the Charlatan (level 1, 0/13 HPs)
             Began as an Octopode Artificer on May 2, 2020.
             Slain by a frilled lizard (3 damage)
             ... on level 3 of the Dungeon.
             The game lasted 00:00:25 (48 turns).

Maedhros the Charlatan (Octopode Artificer)           Turns: 48, Time: 00:00:26

Health: 0/13       AC:  1    Str: 11    XL:     1   Next: 70%
Magic:  3/3        EV: 13    Int: 13    God:
Gold:   0          SH:  0    Dex: 12    Spells: 0/0 levels left

rFire    . . .     SeeInvis .   a - +0 short sword
rCold    . . .     Gourm    .   (no shield)
rNeg     . . .     Faith    .   (helmet restricted)
rPois    .         Spirit   .   (no amulet)
rElec    .         Reflect  .   (no ring)
rCorr    .         Harm     .   (no ring)
MR       .....                  (no ring)
Stlth    +++.......             (no ring)
HPRegen  0.04/turn              (no ring)
MPRegen  0.08/turn              (no ring)
                                (no ring)
                                (no ring)

@: no status effects
A: almost no armour, stealthy swim, amphibious, 8 rings, constrict 8, camouflage
1, gelatinous body 1
a: no special abilities


You were on level 3 of the Dungeon.
You were not hungry.

You visited 1 branch of the dungeon, and saw 3 of its levels.

Inventory:

Hand Weapons
 a - a +0 short sword (weapon)
Wands
 b - a wand of flame (14)
 c - a wand of enslavement (15)
 d - a wand of random effects (15)
Comestibles
 f - 2 rations


   Skills:
 - Level 1.0 Fighting
 - Level 1.0 Short Blades
 - Level 2.0 Dodging
 + Level 2.5 Stealth
 - Level 3.2 Evocations


You couldn't memorise any spells.
You didn't know any spells.
Your spell library was empty.

Dungeon Overview and Level Annotations

Branches:
Dungeon (3/15)

Altars:


Innate Abilities, Weirdness & Mutations

You cannot wear most types of armour.
You are very stealthy in the water. (Stealth+)
You are amphibious.
You can wear up to eight rings at the same time.
You can use your tentacles to constrict eight enemies at once.
Your skin changes colour to match your surroundings (Stealth+).
Your rubbery body absorbs attacks. (AC +1, EV +1)


Message History

The orc hits you with a +0 hand axe.
* * * LOW HITPOINT WARNING * * *
Evoke which item? (* to show all) (? for menu, Esc to quit)
Aiming: Throw Flame
Press: ? - help, Shift-Dir - straight line, f - orc
Aim: an orc, wielding a +0 hand axe (moderately wounded, constricted by you)
The puff of flame hits the orc!
You kill the orc!
The frilled lizard hisses angrily.
You see here a +0 hand axe.
You closely miss the frilled lizard. Your grab misses the frilled lizard.
The frilled lizard barely misses you.
You miss the frilled lizard. Your grab misses the frilled lizard.
You squeeze the frilled lizard.
The frilled lizard is heavily wounded.
The frilled lizard closely misses you.
You closely miss the frilled lizard. Your grab misses the frilled lizard.
The frilled lizard is heavily wounded.
The frilled lizard bites you.
You die...

### ..#
...####.######.
...............
#.# < #@# ..
#l#
...######†#####
#......#......#
#.............#
....?.........#
.......#..)...#
.......#..<...#
..?..l.#......#


You could see a frilled lizard.

Vanquished Creatures
  A dart slug (D:3)
  An orc (D:3)
2 creatures vanquished.

Notes
Turn   | Place    | Note
-------+----------+-------------------------------------------
     0 | D:1      | Maedhros the Octopode Artificer began the quest for the
                  | Orb.
     0 | D:1      | Reached XP level 1. HP: 13/13 MP: 3/3
    48 | D:3      | Slain by a frilled lizard

Levels and vault maps discovered:
D:1:      dpeg_arrival_windows_large_door, layout_basic, minmay_pentomino_o2
D:2:      layout_basic, minmay_cupped
D:3:      wad_woods_tower, layout_basic, first_ration, uniq_grinder

Skill      XL: |  1 |
---------------+----+-----
Stealth        | 2 |  2.5
Fighting       | |  1.0
Short Blades   | |  1.0
Dodging        | |  2.0
Evocations     | |  3.2

Action                   || total
-------------------------++-------
Melee: Short sword       ||     7
       Constrict         ||     2
       Tentacles         ||     1
Evoke: Wand              ||     1
Dodge: Dodged            ||     3

Table legend:
 A = Non-vault XP
 B = Vault XP
 C = Vault XP percentage of total XP
 D = Non-vault monster count
 E = Vault monster count
 F = Vault count percentage of total count
                 A         B        C        D         E       F
            +---------+---------+-------+---------+---------+-------
      Total |       7 |       0 |   0.0 |       2 |       0 |   0.0
            +---------+---------+-------+---------+---------+-------
        D:3 |       7 |       0 |   0.0 |       2 |       0 |   0.0
            +---------+---------+-------+---------+---------+-------
